 Dungeon Crawl Stone Soup version 0.20.1-1-g8b1a95d (webtiles) character file.

1979 RKaid the Merchant of Misery (level 9, -1/69 HPs)
             Began as a Mummy Necromancer on July 26, 2017.
             Was a Believer of Kikubaaqudgha.
             Slain by a slave (9 damage)
             ... led by Pikel
             ... on level 6 of the Dungeon on July 27, 2017.
             The game lasted 00:25:43 (8913 turns).

RKaid the Merchant of Misery (Mummy Necromancer)    Turns: 8913, Time: 00:25:44

Health: -1/69      AC:  4    Str: 11    XL:     9   Next: 1%
Magic:  9/20       EV: 16    Int: 18    God:    Kikubaaqudgha [**....]
Gold:   274        SH:  0    Dex: 12    Spells: 9/22 levels left

rFire    x . .     SeeInvis .   a - +2 dagger (venom)
rCold    + . .     Gourm    .   (no shield)
rNeg     + + +     Faith    .   D - +0 robe (curse)
rPois    ∞         Spirit   .   h - +0 helmet
rElec    .         Reflect  .   (no cloak)
rCorr    .         Harm     .   u - +0 pair of gloves
MR       +....                  (no boots)
Stlth    ++........             (no amulet)
Regen    0.3/turn               B - +1 ring of evasion
MPRegen  0.2/turn               C - +3 ring of evasion

@: very slightly contaminated
A: no food or potions, fire vulnerability, cold resistance 1, negative energy
resistance 3, torment resistance, unbreathing
a: Receive Corpses, Renounce Religion


You were on level 6 of the Dungeon.
You worshipped Kikubaaqudgha.
Kikubaaqudgha was pleased with you.
You were not hungry.

You visited 1 branch of the dungeon, and saw 6 of its levels.
You also visited: Sewer.

You collected 274 gold pieces.

Inventory:

Hand Weapons
 a - a +2 dagger of venom (weapon)
   (You took it off a goblin on level 2 of the Dungeon)
 b - a +0 blowgun
   (You took it off a kobold in a sewer)
 m - a +0 war axe
   (You found it on level 2 of the Dungeon)
 q - a +6 club
   (You took it off Ijyb on level 3 of the Dungeon)
 s - a cursed -2 trident
   (You found it on level 6 of the Dungeon)
 v - a cursed -3 mace
   (You took it off an orc on level 3 of the Dungeon)
 x - a +0 whip of flaming
   (You took it off an orc priest on level 6 of the Dungeon)
Missiles
 g - 32 poisoned needles
 j - a throwing net (quivered) {=f}
Armour
 h - a +0 helmet (worn)
   (You found it on level 2 of the Dungeon)
 u - a +0 pair of gloves (worn)
   (You found it on level 3 of the Dungeon)
 y - a +0 robe
   (You took it off an orc wizard on level 4 of the Dungeon)
 D - a cursed +0 robe (worn)
   (You found it on level 6 of the Dungeon)
Jewellery
 t - an uncursed ring of ice {rC+, rF-}
   (You found it on level 3 of the Dungeon)
 B - a +1 ring of evasion (left hand)
   (You found it on level 6 of the Dungeon)
 C - a +3 ring of evasion (right hand)
   (You found it on level 6 of the Dungeon)
Wands
 i - a wand of enslavement (16/24)
   (You found it on level 6 of the Dungeon)
 p - a wand of flame (31/48)
   (You found it on level 4 of the Dungeon)
 r - a wand of lightning (4/15)
   (You took it off Ijyb on level 3 of the Dungeon)
 z - a wand of scattershot (5/9)
   (You found it on level 4 of the Dungeon)
 A - a wand of iceblast (15/15)
   (You found it on level 4 of the Dungeon)
Scrolls
 c - a scroll of fear {unknown}
 d - a scroll of teleportation
 e - a scroll of magic mapping {unknown}
 l - a scroll of remove curse {unknown}
 n - a scroll of immolation {unknown}
 o - a scroll of blinking {unknown}
 w - 2 scrolls of amnesia
Books
 f - a book of Necromancy
 k - Kikubaaqudgha's Reference Book on Evil Arts
   (Kikubaaqudgha gifted it to you in a sewer)

   Spells                             Type                      Level
   a - Animate Skeleton               Necromancy                   1
   b - Pain                           Necromancy                   1
   c - Corpse Rot                     Necromancy                   2
   d - Vampiric Draining              Necromancy                   3
   e - Control Undead                 Necromancy                   4


   Skills:
 + Level 5.8 Fighting
 - Level 1.5 Dodging
 - Level 1.5 Stealth
 + Level 7.3 Spellcasting
 * Level 9.3 Necromancy


You had 9 spell levels left.
You knew the following spells:

 Your Spells              Type           Power        Failure   Level  Hunger
a - Pain                  Necr           ####         1%          1    N/A
b - Vampiric Draining     Necr           #####.....   1%          3    N/A
c - Control Undead        Necr           #####.....   2%          4    N/A
d - Animate Dead          Necr           N/A          2%          4    N/A
A - Animate Skeleton      Necr           N/A          1%          1    N/A

Dungeon Overview and Level Annotations

Branches:
Dungeon (6/15)             Temple (0/1) D:6

Altars:
Ashenzari
Cheibriados
Fedhas
Kikubaaqudgha
Makhleb
Zin

Annotations:
D:5 Knicklaso's ghost, novice TeGl
D:6 Pikel; Sigmund


Innate Abilities, Weirdness & Mutations

You do not eat or drink.
Your flesh is vulnerable to fire.
You are immune to poison.
Your flesh is cold resistant. (rC+)
You are immune to negative energy. (rN+++)
You are immune to unholy pain and torment.
You can survive without breathing.


Message History

Your orc skeleton hits the slave but does no damage.
The slave closely misses you.
Casting: Vampiric Draining
Confirm with . or Enter, or press ? or * to list all spells.
Aiming: Pain
Press: ? - help, Shift-Dir - straight line, f - slave
Aim: a slave, wearing an animal skin (severely wounded, poisoned, chance to defeat MR: 84%)
The slave writhes in agony!
You kill the slave!
That felt strangely unrewarding.
Things that are here:
an animal skin; 2 chunks of flesh; a human corpse You start resting.
Your orc skeleton crumbles into dust!
There is a stone staircase leading down here.
You see here a scale mail.
You climb downwards.
Level annotation: Pikel; Sigmund The slave misses you.
Pikel hits you with a whip of freezing.
There is a stone staircase leading up here.
Kikubaaqudgha delivers you corpses! The slave barely misses you.
Pikel hits you with a whip of freezing. Pikel freezes you.
Casting: Pain
Confirm with . or Enter, or press ? or * to list all spells.
You call on the dead to rise...
The dead are walking and flying!
Pikel misses you. The slave barely misses you. x2
You hit Pikel but do no damage.
Pikel is poisoned.
Your bat zombie hits the slave.
Pikel hits you with a whip of freezing. Pikel freezes you. The slave hits you.
Your bat zombie hits the slave.
The slave barely misses you.
You closely miss Pikel.
Your bat zombie hits the slave but does no damage.
Your bat zombie barely misses the slave.
The slave hits your bat zombie. Pikel hits you with a whip of freezing.
Your hound zombie barely misses Pikel.
Your goblin zombie barely misses Pikel.
Your bat zombie misses the slave.
The slave closely misses you.
Casting: Animate Dead
Confirm with . or Enter, or press ? or * to list all spells.
Aiming: Vampiric Draining
Press: ? - help, Shift-Dir - straight line, f - Pikel
Aim: Pikel, wielding a whip of freezing, wearing a robe and carrying a wand of paralysis (?/24) {zapped: 2} (lightly wounded, poisoned)
You miscast Vampiric Draining.
You are very lightly contaminated with residual magic.
Nothing appears to happen.
Your bat zombie barely misses the slave.
Your bat zombie closely misses the slave.
Your hound zombie bites Pikel but does no damage.
The slave misses you.
Pikel says, "I knew I should've brought a map."
Pikel zaps a wand.
You suddenly lose the ability to move!
Your goblin zombie barely misses Pikel.
Your bat zombie hits the slave.
The slave hits you!
Your hound zombie bites Pikel.
Your bat zombie hits the slave but does no damage. x2
The slave hits your bat zombie!
Your bat zombie is destroyed!
Pikel hits you but does no damage.
Your hound zombie bites Pikel but does no damage.
Your goblin zombie hits Pikel.
The slave hits you but does no damage.
The slave shouts!
Pikel hits you but does no damage. The slave hits you.
Your hound zombie barely misses Pikel.
The slave hits you but does no damage.
Your goblin zombie hits Pikel but does no damage.
Your hound zombie completely misses Pikel.
Pikel hits you with a whip of freezing. Pikel freezes you.
The slave barely misses you. The slave hits you but does no damage.
Your hound zombie bites Pikel but does no damage.
Pikel hits you with a whip of freezing. The slave hits you.
Your goblin zombie barely misses Pikel.
Your hound zombie bites Pikel.
The slave hits you.
Pikel zaps a wand.
You resist with almost no effort. The slave hits you.
Your hound zombie bites Pikel but does no damage.
Your goblin zombie hits Pikel.
The slave hits you.
* * * LOW HITPOINT WARNING * * *
Pikel hits you with a whip of freezing!
* * * LOW HITPOINT WARNING * * *
Pikel freezes you.
* * * LOW HITPOINT WARNING * * *
Your hound zombie closely misses Pikel.
The slave hits you but does no damage.
Your goblin zombie closely misses Pikel.
The slave barely misses you.
You can move again.
Unknown command.
Pikel looks more healthy.
Your hound zombie closely misses Pikel.
Pikel hits you with a whip of freezing.
* * * LOW HITPOINT WARNING * * *
Pikel freezes you.
* * * LOW HITPOINT WARNING * * *
Your hound zombie barely misses Pikel.
Your goblin zombie hits Pikel but does no damage.
You see here a whip.
Casting: Vampiric Draining
Confirm with . or Enter, or press ? or * to list all spells.
Aiming: Vampiric Draining
Press: ? - help, Shift-Dir - straight line, f/p - Pikel
Aim: Pikel, wielding a whip of freezing, wearing a robe and carrying a wand of paralysis (?/24) {zapped: 4} (heavily wounded)
You feel life coursing into your body. Pikel barely misses you.
The slave hits you!
You die...
Kikubaaqudgha rasps: "You have failed me!
Welcome... oblivion!"

#............######
#...K.......# #
#..#######..## # #..#
#...# #### # ##.##
##..###...
...#####..# #........
#.........##
##........
#.........###
##...#####.
###'###..@p.####...##
#. .. #.ZKp).##...##
## ≈ #.Z........## #
#...........## #
#............## ##
#.............#####.
#......!.......##...
#..................#
#.................##


You could see Pikel, 2 slaves, a friendly hound zombie and a friendly goblin
zombie.

Vanquished Creatures
  An orc warrior (D:6)
  2 slaves (D:5)
  A black bear (D:6)
  2 ice beasts (D:5)
  2 ogres (D:4)
  2 bullfrogs
  A gnoll sergeant (D:6)
  2 howler monkeys
  A crimson imp (D:5)
  4 hounds
  5 orc priests
  6 orc wizards
  An iguana (D:6)
  Ijyb (D:3)
  2 worker ants (D:4)
  2 hound skeletons (D:4)
  5 gnolls
  7 adders
  2 river rats (D:3)
  2 shadow imps
  2 oozes
  2 adder skeletons (D:5)
  5 worms
  5 dart slugs
  2 leopard geckos
  15 orcs
  6 ball pythons
  3 bats
  A giant cockroach (D:3)
  5 goblins
  6 hobgoblins
  5 jackals (D:4)
  8 kobolds
  A quokka (D:5)
  4 frilled lizards
  13 rats
134 creatures vanquished.

Vanquished Creatures (collateral kills)
  2 yaks (D:5)
  A phantom (D:6)
  A centaur (D:5)
  A howler monkey (D:5)
  An orc priest (D:6)
  An adder (D:4)
  An orc (D:4)
  A ball python (Sewer)
  A jackal (D:4)
10 creatures vanquished.

Vanquished Creatures (others)
  A rat (D:3)
1 creature vanquished.

Grand Total: 145 creatures vanquished

Notes
Turn   | Place    | Note
-------+----------+-------------------------------------------
     0 | D:1      | RKaid the Mummy Necromancer began the quest for the Orb.
     0 | D:1      | Reached XP level 1. HP: 13/13 MP: 4/4
     5 | D:1      | Learned a level 1 spell: Animate Skeleton
   464 | D:1      | Reached skill level 3 in Spellcasting
   464 | D:1      | Reached XP level 2. HP: 20/20 MP: 3/6
   791 | D:1      | Reached skill level 1 in Fighting
  1404 | D:2      | Reached XP level 3. HP: 26/26 MP: 3/7
  1456 | D:2      | Learned a level 3 spell: Vampiric Draining
  1516 | D:2      | Found a shattered altar of Ashenzari.
  1516 | D:2      | Found a glowing silver altar of Zin.
  1516 | D:2      | Found an ancient bone altar of Kikubaaqudgha.
  1524 | D:2      | Became a worshipper of Kikubaaqudgha
  2087 | D:3      | Noticed Ijyb
  2087 | D:3      | HP: 1/26 [Ijyb/wand of lightning (?/15) (25)]
  2532 | D:3      | Found a glowing drain.
  2537 | D:3      | Reached XP level 4. HP: 32/32 MP: 3/9
  2550 | Sewer    | Entered a sewer
  2671 | Sewer    | Learned a level 4 spell: Control Undead
  2681 | Sewer    | Reached skill level 5 in Necromancy
  3196 | Sewer    | Reached skill level 2 in Fighting
  3293 | Sewer    | Reached * piety under Kikubaaqudgha
  3293 | Sewer    | Identified Kikubaaqudgha's Reference Book on Evil Arts (Kikubaaqudgha gifted it to you in a sewer)
  3293 | Sewer    | Received a gift from Kikubaaqudgha
  3396 | D:3      | HP: 6/33 [Ijyb/wand of lightning (?/15) (15)]
  3397 | D:3      | Killed Ijyb
  3397 | D:3      | Reached skill level 4 in Spellcasting
  3397 | D:3      | Reached XP level 5. HP: 7/38 MP: 0/11
  3843 | D:3      | Found a blossoming altar of Fedhas.
  4382 | D:4      | Found a snail-covered altar of Cheibriados.
  4501 | D:4      | Found a burning altar of Makhleb.
  4507 | D:4      | Reached XP level 6. HP: 46/46 MP: 7/12
  4555 | D:4      | Learned a level 4 spell: Animate Dead
  4595 | D:4      | Reached skill level 6 in Necromancy
  5134 | D:4      | Reached skill level 3 in Fighting
  5208 | D:4      | Reached skill level 5 in Spellcasting
  5208 | D:4      | Reached XP level 7. HP: 52/52 MP: 10/14
  5469 | D:4      | Reached ** piety under Kikubaaqudgha
  5738 | D:5      | Entered Level 5 of the Dungeon
  5757 | D:5      | Noticed a yak
  5758 | D:5      | Noticed a yak
  5761 | D:5      | Noticed a yak
  5816 | D:5      | Reached skill level 7 in Necromancy
  6069 | D:5      | Noticed Knicklaso's ghost (novice TeGl)
  6151 | D:5      | Reached skill level 4 in Fighting
  6233 | D:5      | Killed a yak
  6240 | D:5      | Noticed a yak
  6244 | D:5      | Killed a yak
  6244 | D:5      | Reached skill level 6 in Spellcasting
  6244 | D:5      | Reached XP level 8. HP: 29/61 MP: 6/17
  6499 | D:5      | Reached skill level 8 in Necromancy
  7009 | D:6      | Found a staircase to the Ecumenical Temple.
  7111 | D:6      | Reached skill level 5 in Fighting
  7485 | D:6      | Reached skill level 7 in Spellcasting
  7611 | D:6      | Reached skill level 9 in Necromancy
  7824 | D:6      | Noticed Sigmund
  7829 | D:6      | Noticed Pikel
  7839 | D:6      | HP: 13/63 [gnoll/spear (4)]
  8742 | D:5      | Reached XP level 9. HP: 59/69 MP: 7/20
  8905 | D:6      | Paralysed by Pikel for 7 turns
  8911 | D:6      | HP: 10/69 [Pikel/whip of freezing (11)]
  8912 | D:6      | HP: 4/69 [Pikel/whip of freezing (4)]
  8913 | D:6      | Slain by a slave

Skill      XL: |  1  2  3  4  5  6  7  8 |
---------------+-------------------------+-----
Spellcasting   | 3 4 5 6 7 |  7.3
Fighting       | 1 2 3 4 5 |  5.8
Necromancy     | 5 6 7 9 |  9.3
Dodging        | |  1.5
Stealth        | |  1.5

Action                   |  1- 3 |  4- 6 |  7- 9 || total
-------------------------+-------+-------+-------++-------
Melee: Dagger            |     4 |    26 |   109 ||   139
       Club              |       |    17 |    26 ||    43
 Cast: Pain              |    69 |   108 |   110 ||   287
       Animate Skeleton  |     9 |    18 |     7 ||    34
       Vampiric Draining |       |     6 |    13 ||    19
       Animate Dead      |       |       |     8 ||     8
       Control Undead    |       |       |     4 ||     4
Invok: Receive Corpses   |       |       |     3 ||     3
Evoke: Wand              |       |       |     1 ||     1
  Use: Scroll            |     2 |       |     7 ||     9
 Stab: Sleeping          |       |     1 |       ||     1
Armor: Robe              |     1 |    17 |    34 ||    52
Dodge: Dodged            |     3 |    45 |   138 ||   186

Table legend:
 A = Turns spent in this place as a percentage of turns spent in the entire game.
 B = Non-inter-level travel turns spent in this place as a percentage of non-inter-level travel turns spent in the entire game.
 C = Inter-level travel turns spent in this place as a percentage of turns spent in this place.
 D = Turns resting spent in this place as a percentage of non-inter-level travel turns spent in this place.
 E = Turns spent auto-exploring this place as a percentage of non-inter-level travel turns spent in this place.
 F = Non-inter-level travel turns spent in this place divided by the number of levels of this place that you've seen.
                   A       B       C       D       E      F
               +-------+-------+-------+-------+-------+----------------------
         Total | 100.0 | 100.0 |   0.5 |   9.8 |   6.0 | 278.3
       Dungeon |  90.1 |  90.0 |   0.5 |   9.3 |   6.0 | 292.3
         Sewer |   9.9 |  10.0 |   0.0 |  14.4 |   6.2 | 194.0
               +-------+-------+-------+-------+-------+----------------------

Table legend:
 A = Kills in this place as a percentage of kills in entire the game.
 B = Kills by you in this place as a percentage of kills by you in the entire game.
 C = Kills by friends in this place as a percentage of kills by friends in the entire game.
 D = Other kills in this place as a percentage of other kills in the entire game.
 E = Experience gained in this place as a percentage of experience gained in the entire game.
 F = Experience gained in this place divided by the number of levels of this place that you have seen.
                   A       B       C       D       E      F
               +-------+-------+-------+-------+-------+----------------------
         Total | 100.0 | 100.0 | 100.0 |  -nan | 100.0 | 404.0
       Dungeon |  87.3 |  87.1 |  90.0 |  -nan |  97.4 | 459.2
         Sewer |  12.7 |  12.9 |  10.0 |  -nan |   2.6 |  73.0
               +-------+-------+-------+-------+-------+----------------------
